 Dungeon Crawl Stone Soup version 0.28.0 (webtiles) character file.

Game seed: 12687847917540588241

319 sizableburger the Slasher (level 6, -12/57 HPs)
             Began as a Naga Wanderer on Feb 6, 2022.
             Was a Believer of Dithmenos.
             Mangled by an ogre (28 damage)
             ... on level 4 of the Dungeon.
             The game lasted 00:09:13 (5146 turns).

sizableburger the Slasher (Naga Wanderer)           Turns: 5146, Time: 00:09:14

Health: -12/57     AC:  7    Str: 13    XL:     6   Next: 46%
Magic:  6/6        EV:  8    Int: 14    God:    Dithmenos [**....]
Gold:   135        SH:  8    Dex: 12    Spells: 5/5 levels left

rFire   . . .      SeeInvis +   a - +3 falchion
rCold   . . .      Faith    .   d - +0 buckler
rNeg    . . .      Spirit   .   e - +0 leather armour
rPois   +          Reflect  +   k - +2 helmet
rElec   .          Harm     .   p - +0 cloak
rCorr   .          Rampage  .   (no gloves)
Will    .....                   (no barding)
Stlth   +++.......              g - amulet of reflection
HPRegen 0.19/turn               (no ring)
MPRegen 0.10/turn               (no ring)

@: short of breath, wreathed by umbra, very slow
A: AC +2, large, see invisible, deformed body, poison resistance, slowness 2,
spit poison 1, naga tail 1
a: Spit Poison, Renounce Religion, Shadow Step


You were on level 4 of the Dungeon.
You worshipped Dithmenos.
Dithmenos was pleased with you.
You visited 1 branch of the dungeon, and saw 4 of its levels.

You collected 135 gold pieces.

Inventory:

Hand Weapons
 a - a +3 falchion (weapon)
 b - a +0 hunting sling
Missiles
 c - 61 sling bullets
 l - 80 stones
Armour
 d - a +0 buckler (worn)
 e - a +0 leather armour (worn)
 k - a +2 helmet (worn)
 p - a +0 cloak (worn)
Jewellery
 g - an amulet of reflection (around neck)
 n - a ring of protection from fire
 r - an amulet of guardian spirit
Scrolls
 f - 3 scrolls of teleportation
 j - a scroll of fog {unknown}
 q - a scroll of identify
 s - a scroll of magic mapping {unknown}
Potions
 h - a potion of brilliance {unknown}
 i - a potion of lignification {unknown}
 m - a potion of flight
 o - 2 potions of cancellation
 t - a potion of invisibility {unknown}


   Skills:
 + Level 3.9 Fighting
 + Level 5.6 Long Blades
 - Level 3.6 Slings
 + Level 4.5 Stealth
 - Level 1.0 Shields


You had 5 spell levels left.
You didn't know any spells.
Your spell library contained the following spells:

 Spells                   Type           Power      Damage    Failure   Level
 Foxfire                  Conj/Fire      0%         2x1d4     43%         1
 Conjure Flame            Conj/Fire      0%         6-21      80%         3
 Inner Flame              Hex/Fire       0%         N/A       80%         3
 Flame Wave               Conj/Fire      0%         2d4       99%         4


Dungeon Overview and Level Annotations

Branches:
Dungeon (4/15)
 Temple: D:4-7

Altars:
Dithmenos

Shops:
D:4 *

Annotations:
D:3 Pargi


Innate Abilities, Weirdness & Mutations

Your serpentine skin is tough. (AC +2)
You have supernaturally acute eyesight. (SInv)
Armour fits poorly on your strangely shaped body.
Your system is resistant to poisons. (rPois)
You cover ground very slowly.
You can spit poison.
You have a snake-like lower body.


Message History

The giant cockroach bites you but does no damage.
You hit the giant cockroach.
You kill the giant cockroach!
Dithmenos accepts your kill.
No target in view!
No target in view!
No target in view!
No target in view!
No target in view!
No target in view!
No target in view!
No target in view!
No target in view!
No target in view!
You see here a giant cockroach corpse.
You see here a giant cockroach corpse.
Found a stone staircase leading down.
There is a stone staircase leading down here.
An ogre comes into view. It is wielding a +0 giant club.
Aiming: Spit Poison (1% risk of failure)
Press: ? - help, Shift-Dir - straight line, f - ogre
Aim: an ogre, wielding a +0 giant club (asleep, 100% to hit)
The splash of poison hits the ogre!
The ogre is poisoned.
The ogre is moderately wounded.
The ogre shouts!
You block the ogre's attack.
You hit the ogre.
The ogre is heavily wounded.
The ogre looks more healthy.
The ogre hits you with a +0 giant club!!
You slash the ogre!
The ogre is almost dead.
The ogre hits you with a +0 giant club!!
* * * LOW HITPOINT WARNING * * *
You are too injured to fight recklessly!
You are too injured to fight recklessly!
You hit the ogre.
The ogre is almost dead.
The ogre hits you with a +0 giant club!!
You die...

.#.# ##.#.##
.#.# ##.##
.#.# #.# ...#
#.# .### #.#
..# #.# ..#
#.# ..# #.#
..# #@# ..#
#O..#
..#######
.....#
........#
#.##...#
#.#####.# #
##### ...# #.#
#..####.####.#
)............#
....###.######


You could see an ogre.

Vanquished Creatures
  A black bear (D:4)
  A centaur (D:4)
  A bullfrog skeleton (D:4)
  Robin (D:2)
  3 adders
  An adder skeleton (D:4)
  A worm (D:2)
  A dart slug (D:2)
  4 endoplasms
  5 giant cockroaches
  18 goblins
  8 hobgoblins
  4 quokkas
  5 ball pythons
  7 bats
  2 frilled lizards (D:2)
  4 kobolds
  7 rats
74 creatures vanquished.

Notes
Turn   | Place    | Note
-------+----------+-------------------------------------------
     0 | D:1      | sizableburger the Naga Wanderer began the quest for the
                  | Orb.
     0 | D:1      | sizableburger set off with the following items: a +2
                  | falchion, a +0 hunting sling, 17 sling bullets, a +0
                  | buckler, a +0 leather armour
     0 | D:1      | Reached XP level 1. HP: 18/18 MP: 1/1
   261 | D:1      | Reached XP level 2. HP: 24/25 MP: 2/2
   329 | D:1      | Found a faded altar of an unknown god.
   381 | D:1      | Prayed at the altar of an unknown god.
   381 | D:1      | Became a worshipper of Dithmenos the Shadowed
   381 | D:1      | Reached * piety under Dithmenos
  1273 | D:2      | Reached XP level 3. HP: 32/32 MP: 3/3
  2111 | D:2      | Reached skill level 1 in Stealth
  2111 | D:2      | Reached XP level 4. HP: 38/40 MP: 4/4
  2137 | D:2      | Noticed Robin
  2143 | D:2      | Reached ** piety under Dithmenos
  2624 | D:2      | Killed Robin
  3488 | D:3      | Noticed Pargi
  3665 | D:3      | HP: 2/40 [Pargi (2)]
  4304 | D:4      | Reached skill level 5 in Long Blades
  4309 | D:4      | Reached XP level 5. HP: 45/49 MP: 5/5
  4621 | D:4      | Found Kakhub's Gadget Gallery.
  4704 | D:4      | Noticed a centaur
  4716 | D:4      | Killed a centaur
  4717 | D:4      | Reached XP level 6. HP: 36/56 MP: 6/6
  4838 | D:4      | Noticed a black bear
  4850 | D:4      | Killed a black bear
  5146 | D:4      | Mangled by an ogre

Illustrated notes

Levels and vault maps discovered:
D:1:      psy_arrival_conway, layout_basic,
          dreamdust_ecumenical_altar_angels_and_demons, minmay_pentomino_p4
D:2:      layout_basic, dk_noncrumbling_2, minmay_bisected, uniq_robin
D:3:      layout_basic, minmay_misc_feat_rugged, uniq_pargi
D:4:      layout_loops_ring, nicolae_shop_gadgets

Skill      XL: |  1  2  3  4  5  6 |
---------------+-------------------+-----
Fighting       | 2 3 |  3.9
Stealth        | 1 2 3 4 |  4.5
Long Blades    | 5 |  5.6
Slings         | |  3.6
Shields        | |  1.0

Action                   |  1- 3 |  4- 6 || total
-------------------------+-------+-------++-------
Melee: Falchion          |   101 |   111 ||   212
 Fire: Hunting sling     |       |     9 ||     9
 Abil: Spit Poison       |     1 |    11 ||    12
  Use: Scroll            |       |     8 ||     8
       Potion            |       |     2 ||     2
 Stab: Sleeping          |     2 |     3 ||     5
       Distracted        |       |     1 ||     1
Armor: Leather armour    |    24 |    64 ||    88
Dodge: Dodged            |    37 |    67 ||   104
Block: Buckler           |    54 |    77 ||   131
       Reflection        |     2 |     1 ||     3
